 Dungeon Crawl Stone Soup version 0.30.1-11-g7821555f0a (webtiles) character file.

Game seed: 1902687220658309069

1595242 Hi5aMiFi the Conqueror (level 27, 300/300 HPs)
             Began as a Minotaur Fighter on Dec 29, 2023.
             Was the Champion of Fedhas.
             Escaped with the Orb
             ... and 3 runes on Dec 31, 2023!
             The game lasted 11:24:14 (82734 turns).

Hi5aMiFi the Conqueror (Minotaur Fighter)          Turns: 82734, Time: 11:24:15

Health: 300/300    AC: 47    Str: 41    XL:     27
Magic:  45/45      EV: 11    Int: 19    God:    Fedhas [******]
Gold:   2479       SH: 30    Dex: 12    Spells: 26/26 levels left

rFire   + + .        N - +7 demon trident (heavy)
rCold   + + +        R - +6 tower shield
rNeg    + . .        c - +11 gold dragon scales
rPois   +            i - +2 hat "Daenn" {rC+ rCorr Str+5}
rElec   +            s - scarf of Vanity {shadows, rN+ Regen+ Int+2}
rCorr   +            k - +1 pair of gloves "Arrat" {Dex+3}
SInv    +            w - +2 pair of boots of Leapfrog {rElec Regen+}
Will    ++++.        a - amulet "Wigip" {rC++ Regen+ Int+7} Stlth
                     t - ring of the Fifty Mice {Will++ MP+9 Int+6 Dex-4 SInv}
HPRegen 3.10/turn    W - ring "Ygoqau" {Contam rPois rF++ Dex+3}
MPRegen 0.29/turn

%: no passive effects
@: hasted, very quick
A: horns 2, retaliatory headbutt, clumsy 1, robust 1, strong 1, heat
vulnerability 1
0: Orb of Zot
}: 3/15 runes: decaying, silver, gossamer
a: Renounce Religion, Wall of Briars, Grow Ballistomycete, Overgrow, Grow Oklob


You escaped.
You worshipped Fedhas.
Fedhas was exalted by your worship.
You visited 10 branches of the dungeon, and saw 50 of its levels.
You also visited: Trove, Sewer, Ice Cave and Desolation.

You collected 10623 gold pieces.
You spent 8144 gold pieces at shops.

Inventory:

Hand Weapons
 e - a +9 broad axe of freezing
 N - a +7 heavy demon trident (weapon)
Missiles
 l - 12 javelins
 y - 13 boomerangs (quivered)
 M - 2 throwing nets
 U - 9 silver boomerangs
Armour
 c - +11 gold dragon scales (worn)
 f - the +4 pair of boots of Beyond {rF+ Int+3 SInv}
   (You found it in a treasure trove)

   Int:       It affects your intelligence (+3).
   rF:        It protects you from fire.
   SInv:      It lets you see invisible.
 g - the +1 pair of boots "Elaul" {rF+ rN+++ MP+9 Str-5}
   (You found it in a treasure trove)

   Str:       It affects your strength (-5).
   rF:        It protects you from fire.
   rN:        It renders you almost immune to negative energy.
   MP:        It affects your magic capacity (+9).
 i - the +2 hat "Daenn" (worn) {rC+ rCorr Str+5}
   (You found it on level 4 of the Realm of Zot)

   Str:       It affects your strength (+5).
   rC:        It protects you from cold.
   rCorr:     It protects you from acid and corrosion.
 k - the +1 pair of gloves "Arrat" (worn) {Dex+3}
   (You found it in a treasure trove)

   Dex:       It affects your dexterity (+3).
 s - the scarf of Vanity (worn) {shadows, rN+ Regen+ Int+2}
   (You found it in a treasure trove)

   Int:       It affects your intelligence (+2).
   rN:        It protects you from negative energy.
   Regen:     It increases your rate of health regeneration.
 w - the +2 pair of boots of Leapfrog (worn) {rElec Regen+}
   (You found it in a treasure trove)

   rElec:     It insulates you from electricity.
   Regen:     It increases your rate of health regeneration.
 B - the +3 crown of Dyrovepreva {rElec Int+2 SInv}
   (You found it on level 3 of the Vaults)

   Int:       It affects your intelligence (+2).
   rElec:     It insulates you from electricity.
   SInv:      It lets you see invisible.
 R - a +6 tower shield (worn)
Jewellery
 a - the amulet "Wigip" (around neck) {rC++ Regen+ Int+7}
   (You found it on level 15 of the Dungeon)

   [amulet of regeneration]

   Int:       It affects your intelligence (+7).
   rC:        It greatly protects you from cold.
   Regen:     It increases your rate of health regeneration.
 d - the ring of the Stopping Gods {Wiz rN+}
   (You took it off an imperial myrmidon in the Desolation of Salt)

   [ring of wizardry]

   It improves your spell success rate.
   rN:        It protects you from negative energy.
 h - an amulet of reflection
 t - the ring of the Fifty Mice (left hand) {Will++ MP+9 Int+6 Dex-4 SInv}
   (You found it on level 15 of the Dungeon)

   [ring of intelligence]

   Int:       It affects your intelligence (+6).
   Dex:       It affects your dexterity (-4).
   MP:        It affects your magic capacity (+9).
   SInv:      It lets you see invisible.
   Will:      It greatly increases your willpower.
 A - a +6 ring of strength
 F - a ring of flight
 P - a ring of protection from fire
 S - a ring of willpower
 W - the ring "Ygoqau" (right hand) {Contam rPois rF++ Dex+3}
   (You took it off a servant of whispers in the Desolation of Salt)

   [ring of poison resistance]

   Dex:       It affects your dexterity (+3).
   rF:        It greatly protects you from fire.
   rPois:     It protects you from poison.
   Contam:    It causes magical contamination when unequipped.
 X - the ring of False Pretenses {rC+ Dex+6}
   (You took it off a vault sentinel on level 5 of the Vaults)

   [ring of dexterity]

   Dex:       It affects your dexterity (+6).
   rC:        It protects you from cold.
Wands
 j - a wand of digging (15)
 m - a wand of roots (51)
 E - a wand of charming (23)
 Z - a wand of quicksilver (44)
Scrolls
 q - 6 scrolls of fear
 v - 4 scrolls of immolation
 x - 18 scrolls of teleportation
 D - 2 scrolls of magic mapping
 G - 9 scrolls of vulnerability
 H - 10 scrolls of poison
 I - 5 scrolls of fog
 J - 5 scrolls of blinking
 L - 3 scrolls of silence
 O - 2 scrolls of butterflies
Potions
 o - 2 potions of haste
 r - a potion of ambrosia
 u - 5 potions of heal wounds
 z - 8 potions of attraction
 C - a potion of might
 K - 14 potions of mutation
 Q - 8 potions of curing
 T - 6 potions of lignification
 V - 3 potions of invisibility
 Y - 7 potions of cancellation
Miscellaneous
 b - a box of beasts
 n - a phantom mirror (inert)
 p - a tin of tremorstones (2/2)


   Skills:
 O Level 27 Fighting
 - Level 15.6(18.0) Axes
 - Level 4.9(11.3) Maces & Flails
 - Level 14.0(16.9) Polearms
 - Level 20.0 Throwing
 O Level 27 Armour
 - Level 5.0 Dodging
 O Level 27 Shields
 + Level 20.1 Invocations
 - Level 10.0 Evocations


You had 26 spell levels left.
You didn't know any spells.
Your spell library contained the following spells:

 Spells                   Type           Power      Damage    Failure   Level
 Apportation              Tloc           0%         N/A       56%         1
 Beastly Appendage        Tmut           0%         N/A       56%         1
 Foxfire                  Conj/Fire      0%         2x1d4     56%         1
 Freeze                   Ice            0%         1d3       56%         1
 Kiss of Death            Conj/Necr      0%         2d5       56%         1
 Sandblast                Erth           0%         2d4       56%         1
 Shock                    Conj/Air       0%         1d3       56%         1
 Slow                     Hex            0%         N/A       56%         1
 Sting                    Tmut/Pois      0%         1d3       56%         1
 Blink                    Tloc           0%         N/A       71%         2
 Cigotuvi's Dreadful Rot  Necr/Pois/Air  0%         N/A       71%         2
 Ensorcelled Hibernation  Hex/Ice        0%         N/A       71%         2
 Momentum Strike          Conj/Tloc      0%         3d8       71%         2
 Passwall                 Tmut/Erth      0%         N/A       71%         2
 Poisonous Vapours        Pois/Air       0%         N/A       71%         2
 Scorch                   Fire           0%         2d5       71%         2
 Static Discharge         Conj/Air       0%         2-2/arc   71%         2
 Wereblood                Tmut           0%         N/A       71%         2
 Call Canine Familiar     Summ           0%         N/A       91%         3
 Confusing Touch          Hex            0%         N/A       91%         3
 Dazzling Flash           Conj/Hex       0%         N/A       91%         3
 Frozen Ramparts          Ice            0%         1d1       91%         3
 Gell's Gravitas          Tloc           0%         N/A       91%         3
 Hailstorm                Conj/Ice       0%         3d3       91%         3
 Mephitic Cloud           Conj/Pois/Air  0%         N/A       91%         3
 Ozocubu's Armour         Ice            0%         N/A       91%         3
 Portal Projectile        Hex/Tloc       0%         N/A       91%         3
 Spider Form              Tmut/Pois      0%         N/A       91%         3
 Stone Arrow              Conj/Erth      0%         3d7       91%         3
 Summon Guardian Golem    Hex/Summ       0%         N/A       91%         3
 Swiftness                Air            0%         N/A       91%         3
 Tukima's Dance           Hex            0%         N/A       91%         3
 Vampiric Draining        Necr           0%         2d6       91%         3
 Volatile Blastmotes      Fire/Tloc      0%         2d10      91%         3
 Airstrike                Air            0%         2d(0-16)  100%        4
 Anguish                  Hex/Necr       0%         N/A       100%        4
 Cause Fear               Hex            0%         N/A       100%        4
 Dispel Undead            Necr           0%         3d6       100%        4
 Flame Wave               Conj/Fire      0%         2d4       100%        4
 Fulminant Prism          Conj/Hex       0%         3d5       100%        4
 Ice Form                 Ice/Tmut       0%         N/A       100%        4
 Iskenderun's Mystic Bla  Conj/Tloc      0%         2d3       100%        4
 Leda's Liquefaction      Hex/Erth       0%         N/A       100%        4
 Manifold Assault         Tloc           0%         N/A       100%        4
 Sticky Flame             Conj/Fire      0%         2d3       100%        4
 Summon Lightning Spire   Summ/Air       0%         N/A       100%        4
 Alistair's Intoxication  Tmut/Pois      0%         N/A       100%        5
 Blade Hands              Tmut           0%         N/A       100%        5
 Borgnjor's Vile Clutch   Necr/Erth      0%         N/A       100%        5
 Fireball                 Conj/Fire      0%         3d3       100%        5
 Freezing Cloud           Conj/Ice/Air   0%         6-21      100%        5
 Irradiate                Conj/Tmut      0%         3d11      100%        5
 Iskenderun's Battlesphe  Conj           0%         2d6       100%        5
 Lee's Rapid Deconstruct  Erth           0%         3d4*      100%        5
 Metabolic Englaciation   Hex/Ice        0%         N/A       100%        5
 Summon Forest            Summ/Tloc      0%         N/A       100%        5
 Yara's Violent Unravell  Hex/Tmut       0%         3d3       100%        5
 Conjure Ball Lightning   Conj/Air       0%         3x3d6     100%        6
 Death Channel            Necr           0%         N/A       100%        6
 Eringya's Noxious Bog    Tmut/Pois      0%         N/A       100%        6
 Iron Shot                Conj/Erth      0%         9d1       100%        6
 Plasma Beam              Fire/Air       0%         2x1d11    100%        6
 Simulacrum               Ice/Necr       0%         N/A       100%        6
 Starburst                Conj/Fire      0%         6d3       100%        6
 Statue Form              Tmut/Erth      0%         N/A       100%        6
 Dragon Form              Tmut           0%         N/A       100%        7
 Orb of Destruction       Conj           0%         9d5       100%        7
 Ozocubu's Refrigeration  Ice            0%         4d7       100%        7
 Spellforged Servitor     Conj/Summ      0%         N/A       100%        7
 Summon Hydra             Summ           0%         N/A       100%        7
 Discord                  Hex            0%         N/A       100%        8
 Disjunction              Tloc           0%         N/A       100%        8
 Dragon's Call            Summ           0%         N/A       100%        9
 Shatter                  Erth           0%         3d5*      100%        9


Dungeon Overview and Level Annotations

Branches:
Dungeon (15/15)            Temple (0/1) D:5            Lair (5/5) D:11
  Swamp (4/4) Lair:3       Spider (4/4) Lair:2        Slime (0/5) Lair:4
    Orc (2/2) D:12            Elf (3/3) Orc:2        Vaults (5/5) D:14
  Crypt (3/3) Vaults:3       Tomb (0/3) Crypt:3      Depths (4/4) D:15
    Zot (5/5) Depths:4      Sewer (visited)           IceCv (visited)
Desolation (visited)

Altars:
Fedhas
Gozag
Kikubaaqudgha
Sif Muna
Uskayaw

Shops:
Orc:2 (*([:   Elf:1 *   Vaults:2 (   Vaults:3 (((*   Vaults:4 *   Vaults:5 [
Depths:1 *:   Depths:3 =::

Portals:
Hell: Depths:1 Depths:2 Depths:3 Depths:4
Abyss: Depths:1 Depths:3 Depths:4
Pandemonium: Depths:1 Depths:2
Ziggurat: Depths:4

Annotations:
Depths:3 2 transporters, Poanarph's ghost, veteran GrVM


Innate Abilities, Weirdness & Mutations

You have a pair of horns on your head.
You reflexively headbutt those who attack you in melee.
You are clumsy. (Dex -2)
You are robust. (+10% HP)
Your muscles are strong. (Str +4, Int/Dex -1)
You are vulnerable to heat. (rF-)


Message History

A cherub comes into view.
It is wielding a +0 long sword of flaming.
You reach to attack!
You skewer the cherub like a kebab!!!
The cherub is severely wounded.
You reach to attack!
You impale the cherub!!
You kill the cherub!
Fedhas accepts your kill.
Aiming: Dig
Press: ? - help, Shift-Dir - straight line A rock wall.
This square is covered in magical glow.
The rock shatters into small pieces.
There is a stone staircase leading up here.
You climb upwards.
There is a stone staircase leading down here.
Unknown command.
You feel yourself speed up.
Aiming: Dig
Press: ? - help, Shift-Dir - straight line A rock wall.
This square is covered in magical glow.
The rock shatters into small pieces.
There is a stone staircase leading up here.
You climb upwards.
There is a stone staircase leading down here.
Aiming: Dig
Press: ? - help, Shift-Dir - straight line A rock wall.
This square is covered in magical glow.
The rock shatters into small pieces.
Aiming: Dig
Press: ? - help, Shift-Dir - straight line A rock wall.
This square is covered in magical glow.
The rock shatters into small pieces.
Blink to where?
Press: ? - help, Dir - move target
As you read the scroll of blinking, it crumbles to dust.
There is a staircase leading out of the dungeon here.
You can't go down here!
You have escaped!

##.......####.####.......###.#
##.....####..#....####.....##..
##....###.....#.......###....##.
#....##.....#.#'###.....##....#.
##...##....###.#...###....##...##
#....#....##...#.....##....#....#
#...##...##...##.##...##...##...#
#...#....#...##...##...#....#...#
#...#....'...##.@..#...#....#...#
#...#....#...##...#....#....#...#
#...##...##...#####...##...##)..#
#....#....##..........#....#....#
##...##....###.....###ยง....#...##
##....##.....#######.....##....#.
###....###.............###....##.
# ##.....####.......##'#......#..
# ##.......#########.......##...


There were no monsters in sight!

Vanquished Creatures
  6 dread liches
  5 ancient liches
  4 orbs of fire
  Tiamat (Zot:3)
  A juggernaut (Depths:1)
  Vv (Depths:3)
  Josephina (Crypt:1)
  3 Killer Klowns (Zot:5)
  Bai Suzhen (Spider:4)
  2 caustic shrikes
  A curse toe (Zot:3)
  Jory (Crypt:3)
  23 golden dragons
  Arachne (Spider:4)
  5 electric golems
  19 tentacled monstrosities
  A walking crystal tome (Depths:3)
  Rupert (D:15)
  27 Orb Guardians
  5 liches
  8 quicksilver dragons
  A walking divine tome (Depths:3)
  3 titans (Vaults:5)
  A deep elf blademaster (Elf:3)
  A deep elf master archer (Elf:3)
  3 walking frostbound tomes
  10 sphinxes
  An ancient champion (Crypt:1)
  5 death cobs
  20 storm dragons
  8 tengu reavers
  15 shadow dragons
  A revenant (Crypt:3)
  7 draconian monks
  Roxanne (D:14)
  The ghost of Tucopp the Alchemist, a journeyman DrTm of Wu Jian (D:15)
  7 draconian knights
  10 deep elf sorcerers
  15 fire giants
  3 emperor scorpions
  Louise (Depths:4)
  3 iron dragons
  11 frost giants
  A balrug (Depths:4)
  8 ghost moths
  4 imperial myrmidons (Desolation)
  A juggernaut zombie (Crypt:1)
  2 curse skulls (Crypt:3)
  3 draconian shifters
  A deep elf elementalist (Elf:3)
  23 vault wardens
  11 ghouls
  7 draconian scorchers
  A quicksilver ooze (Vaults:4)
  5 spectral caustic shrikes (Depths:2)
  23 very ugly things
  10 draconian annihilators
  2 draconian stormcallers
  10 ironbound thunderhulks
  2 cacodemons
  17 ironbound preservers
  2 orc warlords (Vaults:1)
  3 spriggan defenders
  A war gargoyle (Vaults:5)
  2 reapers
  3 broodmothers
  13 stone giants
  19 green draconians
  24 vampire knights
  24 black draconians
  6 deep elf demonologists
  11 red draconians
  9 spark wasps
  5 deep elf annihilators
  16 purple draconians
  10 yellow draconians
  A halazid warlock (Desolation)
  15 dire elephants
  A spark wasp (shapeshifter) (Vaults:5)
  3 bunyips (Swamp:2)
  A wendigo (Depths:1)
  17 white draconians
  Snorg (D:12)
  10 deep elf death magi
  8 ettins
  2 crystal guardians (Desolation)
  5 eidola
  8 ragged hierophants (Desolation)
  6 jiangshi
  3 deep elf high priests
  9 entropy weavers
  10 yaktaur captains
  9 fire dragons
  6 servants of whispers (Desolation)
  A rakshasa (Depths:2)
  8 great orbs of eyes
  4 ogre magi
  11 peacekeepers
  14 hydras
  11 ice dragons
  A fenstrider witch zombie (Crypt:2)
  3 spriggan zombies
  35 vault guards
  4 death knights
  6 spriggan air magi
  Erolcha (D:12)
  A quicksilver dragon skeleton (Crypt:2)
  4 ironbound frosthearts
  A catoblepas (Lair:5)
  A ghost crab (Swamp:1)
  A juggernaut simulacrum (Depths:2)
  6 jorogumos
  6 radroaches
  7 two-headed ogres
  4 boulder beetles
  30 dancing weapons
  6 centaur warriors
  4 alligators
  7 tengu warriors
  8 spriggan berserkers
  3 deep troll earth magi
  3 deep troll shamans
  6 vampire magi
  2 titan zombies (Crypt:3)
  5 orc high priests
  A sun demon (Depths:4)
  3 hell knights
  15 deep elf knights
  A soul eater (D:15)
  A storm dragon zombie (Depths:2)
  A shock serpent (shapeshifter) (Vaults:5)
  Amaemon (D:10)
  2 sixfirhies (D:11)
  2 skysharks
  A titan skeleton (Depths:1)
  A shadow wraith (Crypt:2)
  6 goliath frogs
  36 skeletal warriors
  4 sun moths
  2 cherubim
  5 iron trolls
  Lodul (D:11)
  3 flayed ghosts
  2 glowing orange brains
  2 pharaoh ants
  12 orb spiders
  14 swamp dragons
  7 bog bodies
  An iron giant zombie (Crypt:1)
  2 death drakes (Depths:4)
  34 deep trolls
  An anaconda zombie (Crypt:3)
  A shadow demon (D:11)
  13 deep elf archers
  A spriggan druid (Swamp:1)
  8 wizards
  Pikel (D:6)
  19 ironbound convokers
  34 deep elf pyromancers
  27 phantasmal warriors
  A spriggan simulacrum (Crypt:1)
  14 lindwurms
  7 necromancers
  A golden dragon skeleton (Depths:2)
  19 deep elf zephyrmancers
  A steelbarb worm (shapeshifter) (Elf:1)
  9 steelbarb worms
  11 orc knights
  A mana viper (shapeshifter) (Vaults:5)
  15 wolf spiders
  5 orc sorcerers
  A wolf spider (shapeshifter) (Depths:3)
  45 ugly things
  4 manticores
  2 will-o-the-wisps
  21 elephants
  Maurice (D:10)
  A salamander (Depths:1)
  A goliath frog zombie (Crypt:3)
  7 centaur zombies
  25 moths of wrath
  2 stone giant skeletons (Crypt:2)
  A toenail golem (Depths:4)
  5 cyclopes
  9 black mambas
  24 slime creatures
  A black mamba (shapeshifter) (Depths:1)
  20 vault sentinels
  3 rust devils
  5 guardian serpents
  2 ice statues (IceCv)
  A smoke demon (Depths:4)
  A gargoyle (D:12)
  2 dire elephant zombies
  13 demonic crawlers
  3 orange demons
  A dire elephant skeleton (Crypt:2)
  13 centaur skeletons
  20 cane toads
  2 torpor snails
  6 rime drakes
  A purple draconian zombie (Crypt:3)
  An unseen horror (shapeshifter) (D:14)
  Maggie (D:7)
  2 kobold demonologists
  Psyche (D:10)
  49 yaktaurs
  A cane toad (shapeshifter) (Spider:4)
  A naga skeleton (Crypt:2)
  3 efreet (D:15)
  3 freezing wraiths
  A guardian mummy (Crypt:3)
  2 grey draconian skeletons
  9 komodo dragons
  A red draconian skeleton (Crypt:2)
  8 ice devils (IceCv)
  6 tengu conjurers
  A golden dragon simulacrum (Depths:1)
  2 red devils
  A troll (shapeshifter) (D:14)
  9 trolls
  A hydra zombie (Crypt:3)
  2 hellwings (Depths:2)
  2 bloated husks (Swamp:1)
  2 polar bears
  A queen bee (Lair:2)
  A queen bee (shapeshifter) (D:13)
  30 tarantellas
  3 meliai (D:15)
  19 hornets
  2 harpy skeletons (Crypt:2)
  2 tyrant leeches
  A wind drake (shapeshifter) (Depths:1)
  2 tyrant leeches (shapeshifter)
  53 saltlings (Desolation)
  Prince Ribbit (D:6)
  4 blink frogs
  2 dream sheep (shapeshifter)
  A raiju (shapeshifter) (Depths:3)
  3 frost giant simulacra (Depths:1)
  A stone giant simulacrum (Depths:1)
  18 flying skulls
  A satyr skeleton (Crypt:1)
  25 jumping spiders
  Sigmund (D:6)
  A vampire (D:12)
  3 shadows
  23 culicivoras
  16 spriggans
  12 water elementals
  12 fire elementals
  6 wyverns
  A dire elephant simulacrum (IceCv)
  An orc simulacrum (Crypt:1)
  14 wraiths
  54 yaks
  10 air elementals
  2 ynoxinuls (Depths:2)
  An alligator snapping turtle simulacrum (Crypt:1)
  6 neqoxecs (D:15)
  5 steam dragons
  A yak (shapeshifter) (Depths:1)
  11 basilisks
  10 vampire mosquitoes
  47 redbacks
  A redback simulacrum (D:15)
  6 wargs
  Menkaure (D:7)
  21 swamp worms
  3 harpy simulacra
  5 acid dragons
  19 water moccasins
  Duvessa (D:6)
  A merfolk skeleton (Crypt:3)
  A floating eye (D:11)
  4 ice beasts
  A cane toad skeleton (Crypt:3)
  37 orc warriors
  14 swamp drakes
  2 swamp dragon zombies
  9 black bears
  A boggart (D:13)
  10 ogres
  A sky beast (D:6)
  14 wolves
  A dream sheep zombie (Crypt:3)
  An elephant skeleton (Crypt:1)
  A rime drake zombie (Crypt:1)
  8 centaurs
  2 swamp dragon skeletons
  5 kobold brigands
  A lemure (D:6)
  3 phantoms
  A hog skeleton (Crypt:1)
  10 bullfrogs
  4 gnoll sergeants (D:12)
  6 necrophages
  7 earth elementals
  2 glowing shapeshifter simulacra (Depths:1)
  9 scorpions
  A scorpion (shapeshifter) (Vaults:5)
  3 two-headed ogre simulacra (IceCv)
  20 wights
  Dowan (D:6)
  An elephant simulacrum (IceCv)
  23 killer bees
  A shapeshifter skeleton (Crypt:2)
  8 howler monkeys
  An electric eel (Spider:3)
  A basilisk zombie (Crypt:2)
  2 hounds
  A lava snake (D:8)
  A quasit (D:15)
  5 orc priests
  5 iguanas
  Ijyb (D:3)
  A black bear skeleton (Crypt:2)
  Natasha (thrice) (D:4)
  11 orc wizards
  9 hell rats (Lair:4)
  2 polar bear simulacra (IceCv)
  A troll simulacrum (IceCv)
  2 wolf simulacra (IceCv)
  A hound skeleton (Crypt:1)
  12 mummies (Crypt:3)
  6 gnolls
  5 river rats (Lair:4)
  5 adders
  4 naga simulacra (IceCv)
  3 white imps
  3 ufetubi (IceCv)
  A worm (D:4)
  2 dart slugs (D:1)
  51 orcs
  A bat skeleton (Crypt:2)
  9 endoplasms
  10 goblins
  10 hobgoblins
  3 jackals (Sewer)
  4 quokkas
  5 ball pythons
  3 bats
  A goblin zombie (Crypt:3)
  A hobgoblin zombie (Crypt:2)
  16 kobolds
  An orc zombie (Crypt:1)
  9 rats
  4 ballistomycete spores
  A butterfly (Swamp:2)
2439 creatures vanquished.

Vanquished Creatures (collateral kills)
  Sojobo (Vaults:3)
  Parghit (Depths:4)
  Xtahua (Crypt:3)
  A tentacled monstrosity (Zot:5)
  A tengu reaver (Vaults:3)
  An orc warlord (Orc:2)
  An eleionoma (Swamp:2)
  A yellow draconian (Zot:5)
  2 bunyips (Swamp:2)
  A red draconian (Zot:5)
  A fire dragon (Depths:4)
  A vault guard (Vaults:3)
  5 hydras
  5 jorogumos
  A centaur warrior (D:13)
  A dancing weapon (Elf:2)
  A spriggan (Swamp:2)
  An orb spider (Spider:4)
  2 bog bodies (Swamp:4)
  A deep elf pyromancer (Elf:2)
  A hornet (Swamp:2)
  A tarantella (Spider:4)
  A slime creature (D:12)
  A jumping spider (Spider:1)
  3 redbacks
  A phantom (D:4)
  A quasit (D:15)
  An iguana (D:4)
  2 gnolls (D:4)
  An orc (Orc:2)
  119 ballistomycete spores
162 creatures vanquished.

Vanquished Creatures (others)
  Frederick (Vaults:5)
  2 thorn hunters (Swamp:4)
  A draconian knight (Zot:2)
  A draconian monk (Zot:5)
  A deep elf elementalist (Elf:3)
  A yellow draconian (Zot:5)
  A red draconian (Depths:4)
  A ragged hierophant (Desolation)
  A hydra (Swamp:4)
  2 shambling mangroves (Swamp:4)
  A spriggan air mage (Swamp:4)
  A spriggan berserker (Swamp:4)
  2 deep elf knights
  3 swamp dragons (Swamp:4)
  A bog body (Swamp:4)
  A wizard (Vaults:1)
  A deep elf zephyrmancer (Elf:3)
  An oklob plant (Lair:2)
  A rime drake (Zot:3)
  A rime drake (shapeshifter) (Elf:1)
  5 hornets (Swamp:4)
  A saltling (Desolation)
  A frost giant simulacrum (Depths:1)
  A slime creature (D:13)
  A centaur simulacrum (Crypt:1)
  A water moccasin (Lair:2)
  A swamp drake (Swamp:4)
  A black bear (Lair:2)
  An adder (D:5)
  2 gnolls (D:4)
  A white imp (D:7)
  2 orcs
  14 ballistomycete spores
  3 foxfires (Swamp:1)
60 creatures vanquished.

Grand Total: 2661 creatures vanquished

Notes
Turn   | Place    | Note
-------+----------+-------------------------------------------
     0 | D:1      | Hi5aMiFi the Minotaur Fighter began the quest for the Orb.
     0 | D:1      | Reached XP level 1. HP: 19/19 MP: 0/0
   331 | D:2      | Noticed a howler monkey
   385 | D:3      | Noticed Ijyb
   562 | D:1      | Reached XP level 2. HP: 28/28 MP: 1/1
   848 | D:1      | Reached skill level 5 in Fighting
   950 | D:1      | Reached XP level 3. HP: 36/36 MP: 2/2
  1651 | D:1      | Reached skill level 1 in Throwing
  2156 | D:2      | Found a faded altar of an unknown god.
  2339 | D:2      | Reached XP level 4. HP: 44/44 MP: 3/3
  2791 | D:4      | Noticed an ice beast
  2964 | D:3      | Killed Ijyb
  2965 | D:3      | Reached XP level 5. HP: 51/51 MP: 4/4
  3016 | D:4      | Noticed a phantom
  3026 | D:4      | Found a glowing drain.
  3036 | D:4      | Killed a phantom
  3046 | D:4      | Reached XP level 6. HP: 35/60 MP: 5/5
  3059 | Sewer    | Entered a sewer
  3222 | Sewer    | Noticed a water moccasin
  3448 | D:4      | Found a blossoming altar of Fedhas.
  3457 | D:4      | Became a worshipper of Fedhas Madash
  3629 | D:4      | Reached skill level 5 in Armour
  3778 | D:4      | Noticed Natasha
  3786 | D:5      | Entered Level 5 of the Dungeon
  4062 | D:5      | Reached XP level 7. HP: 47/67 MP: 6/6
  4687 | D:5      | Found a staircase to the Ecumenical Temple.
  5303 | D:6      | Noticed Dowan
  6216 | D:6      | Noticed Sigmund
  6234 | D:6      | Reached * piety under Fedhas
  6235 | D:6      | Reached XP level 8. HP: 68/75 MP: 7/7
  6301 | D:7      | Noticed Maggie
  6302 | D:7      | Reached skill level 1 in Invocations
  6310 | D:7      | Killed Maggie
  6326 | D:7      | Noticed Menkaure
  6332 | D:7      | Killed Menkaure
  7040 | D:7      | Reached skill level 10 in Armour
  7343 | D:5      | Reached XP level 9. HP: 84/84 MP: 9/9
  7383 | D:4      | Reached skill level 5 in Polearms
  7467 | D:4      | Killed Natasha
  7590 | D:4      | Noticed Natasha
  7602 | D:4      | Killed Natasha
  7760 | D:4      | Noticed Natasha
  7774 | D:4      | Killed Natasha
  8587 | D:8      | Reached ** piety under Fedhas
  8588 | D:8      | Reached skill level 10 in Fighting
  8717 | D:8      | Reached skill level 1 in Maces & Flails
  9680 | D:9      | Reached XP level 10. HP: 57/93 MP: 10/10
  9982 | D:9      | Identified the scarf of Somewhere Else {+Inv, Int+3}
 10329 | D:9      | Reached *** piety under Fedhas
 10653 | D:6      | Noticed Pikel
 10658 | D:6      | Killed Pikel
 10659 | D:6      | Reached skill level 10 in Polearms
 10943 | D:6      | Noticed Prince Ribbit
 10954 | D:6      | Killed Prince Ribbit
 11056 | D:6      | Noticed Duvessa
 11069 | D:6      | Killed Duvessa
 11078 | D:6      | Killed Dowan
 11994 | D:6      | Killed Sigmund
 12119 | D:9      | Found a hide-covered altar of Uskayaw.
 12260 | D:10     | Entered Level 10 of the Dungeon
 12501 | D:10     | Noticed Maurice
 12513 | D:10     | Reached **** piety under Fedhas
 12518 | D:10     | Noticed Psyche
 12520 | D:10     | Killed Maurice
 12521 | D:10     | Reached XP level 11. HP: 85/99 MP: 10/12
 12554 | D:10     | Killed Psyche
 12707 | D:10     | Identified 2 scrolls of acquirement
 12707 | D:10     | Acquired a +0 demon trident of freezing
 12709 | D:10     | Acquired the ring of Huhal {Ice Str+3}
 12762 | D:10     | Reached skill level 5 in Shields
 12792 | D:10     | Noticed Amaemon
 12810 | D:10     | Killed Amaemon
 13068 | D:10     | Acquired the +4 kite shield "Qoroiwes" {rPois}
 13360 | D:11     | Found a frozen archway.
 13404 | IceCv    | Entered an ice cave
 13802 | IceCv    | Reached skill level 5 in Invocations
 14283 | IceCv    | Noticed a reaper
 14295 | IceCv    | Killed a reaper
 14296 | IceCv    | Reached XP level 12. HP: 105/110 MP: 9/15
 14503 | D:11     | Noticed Urug
 14509 | D:11     | Urug changed into Urug the floating eye
 14509 | D:11     | Noticed Urug
 14511 | D:11     | Killed Urug the floating eye
 14758 | D:11     | Noticed a two-headed ogre
 14770 | D:11     | Killed a two-headed ogre
 15043 | D:11     | Found a staircase to the Lair.
 15206 | Lair:1   | Entered Level 1 of the Lair of Beasts
 15359 | Lair:1   | Reached ***** piety under Fedhas
 15891 | Lair:1   | Reached skill level 10 in Shields
 16170 | Lair:2   | Found a hole to the Spider Nest.
 16947 | Lair:2   | Reached XP level 13. HP: 118/118 MP: 18/18
 17457 | Lair:3   | You fall into a shaft and drop 1 floor!
 17532 | Lair:4   | Reached ****** piety under Fedhas
 17923 | Lair:3   | Reached skill level 10 in Invocations
 18033 | Lair:3   | Identified the +0 robe of Fedusaf {rPois Str+3}
 18428 | Lair:3   | Found a staircase to the Swamp.
 18567 | Lair:3   | Reached skill level 1 in Axes
 19587 | Lair:4   | Found a staircase to the Slime Pits.
 19769 | Lair:4   | Reached skill level 1 in Evocations
 20157 | Lair:5   | Entered Level 5 of the Lair of Beasts
 20690 | Lair:5   | Reached XP level 14. HP: 125/129 MP: 21/21
 21235 | Lair:5   | Reached skill level 5 in Throwing
 22615 | D:11     | Noticed Lodul
 22623 | D:11     | Killed Lodul
 22630 | D:11     | Reached skill level 5 in Axes
 22726 | D:11     | Identified the +11 long sword of Reason {freeze, Int+3}
 23101 | D:12     | Found a staircase to the Orcish Mines.
 23513 | D:12     | Identified the +6 scale mail of Xeolacy {Drain rN+++ rCorr}
 23546 | D:12     | Noticed Snorg
 23559 | D:12     | Noticed Erolcha
 23572 | D:12     | Killed Snorg
 23661 | D:12     | You fall into a shaft and drop 1 floor!
 23821 | D:12     | Killed Erolcha
 24272 | D:12     | Reached skill level 15 in Shields
 24306 | D:12     | Reached XP level 15. HP: 138/138 MP: 23/23
 24345 | D:12     | Identified the orb "Jot Vocw" {guile, Fly Regen+ Dex+3
                  | Stlth+}
 25043 | D:13     | Got the Textbook on the Dose and the Anticline
 26141 | D:14     | Identified Roxanne's Opusculum on Changes
 26141 | D:14     | Noticed Roxanne
 26681 | D:14     | Found a gate to the Vaults.
 26807 | D:14     | Reached skill level 10 in Axes
 27176 | Orc:1    | Entered Level 1 of the Orcish Mines
 27579 | Orc:2    | Entered Level 2 of the Orcish Mines
 27579 | Orc:2    | Found Juimp's Antique Armour Boutique.
 27600 | Orc:1    | Reached skill level 15 in Fighting
 28462 | Orc:2    | Found Caepixia's General Store.
 28527 | Orc:2    | Bought a potion of heal wounds for 65 gold pieces
 28527 | Orc:2    | Bought a scroll of enchant weapon for 97 gold pieces
 28573 | Orc:2    | Found Kaqoas Assou's Antique Weapon Shoppe.
 28635 | Orc:2    | Found a staircase to the Elven Halls.
 28737 | Orc:2    | Found Cyusuerunt's Antique Weapon Shoppe.
 29009 | Orc:2    | Found Pyiwk's Book Boutique.
 29231 | Orc:2    | Bought a polished morningstar for 252 gold pieces
 29231 | Orc:2    | Identified the +2 morningstar of Oqireg {protect, Str+3}
                  | (You bought it in a shop on level 2 of the Orcish Mines)
 29271 | Orc:2    | Bought a glowing plate armour for 780 gold pieces
 29321 | Orc:2    | Bought a runed chain mail for 225 gold pieces
 29462 | Spider:1 | Entered Level 1 of the Spider Nest
 29629 | Spider:1 | Reached XP level 16. HP: 87/149 MP: 0/24
 30117 | Spider:1 | Paralysed by a jorogumo for 2 turns
 30770 | Spider:1 | Paralysed by a jorogumo for 3 turns
 31445 | Spider:2 | You fall into a shaft and drop 1 floor!
 31657 | Spider:3 | Reached skill level 15 in Armour
 34878 | Spider:4 | Entered Level 4 of the Spider Nest
 35178 | Spider:4 | Reached XP level 17. HP: 156/156 MP: 26/26
 35638 | Spider:4 | Noticed Bai Suzhen
 35654 | Spider:4 | Killed Bai Suzhen
 36157 | Spider:4 | Reached skill level 15 in Axes
 37436 | Spider:4 | Noticed Arachne
 37443 | Spider:4 | Killed Arachne
 37446 | Spider:4 | Reached skill level 10 in Throwing
 37446 | Spider:4 | Reached XP level 18. HP: 137/163 MP: 24/28
 37612 | Spider:4 | Reached skill level 15 in Invocations
 37613 | Spider:4 | Reached skill level 1 in Dodging
 37712 | Spider:4 | Got a gossamer rune of Zot
 38267 | Swamp:1  | Entered Level 1 of the Swamp
 39834 | Swamp:2  | Identified the +1 leather armour of the Poles {Dex+5}
 40289 | Swamp:3  | Found a transporter.
 40405 | Swamp:2  | Reached XP level 19. HP: 129/172 MP: 29/29
 40842 | Swamp:3  | Found a transporter.
 41124 | Swamp:3  | Identified the ring of Etaulef {Fire rPois Int+4 Slay+2
                  | Stlth-}
 41126 | Swamp:3  | Identified the +1 helmet of Unreason {rPois rN+}
 41439 | Swamp:4  | Entered Level 4 of the Swamp
 41800 | Swamp:4  | Reached skill level 5 in Evocations
 42366 | Swamp:4  | Got a decaying rune of Zot
 42388 | Swamp:4  | Got the Encyclopedia of Portals
 42623 | D:15     | Entered Level 15 of the Dungeon
 42689 | D:15     | Found a transporter.
 42692 | D:15     | Noticed Tucopp's ghost (journeyman DrTm)
 42741 | D:15     | Found a transporter.
 42743 | D:15     | Noticed Rupert
 42755 | D:15     | Killed Rupert
 43093 | D:15     | Found an opulent altar of Gozag.
 43877 | D:15     | Identified the +3 ring mail of Infinity {rN+ Int+4}
 44250 | D:15     | Found a staircase to the Depths.
 44358 | D:15     | Killed Tucopp's ghost
 44381 | D:15     | Identified the ring of the Fifty Mice {Will++ MP+9 Int+6
                  | Dex-4 SInv}
 44383 | D:15     | Identified the amulet "Wigip" {rC++ Regen+ Int+7}
 44403 | D:15     | Got the Cyclopedia of Inference
 44525 | D:14     | Killed Roxanne
 44603 | Vaults:1 | Entered Level 1 of the Vaults
 45197 | Vaults:1 | Found Purisipu's Antique Weapon Shoppe.
 47009 | Vaults:2 | You fall into a shaft and drop 2 floors!
 47015 | Vaults:4 | Found Naoch's Assorted Antiques.
 47089 | Vaults:4 | Reached XP level 20. HP: 183/187 MP: 30/30
 47116 | Vaults:4 | Bought a scroll of enchant armour for 225 gold pieces
 47202 | Vaults:3 | Noticed Sojobo
 47210 | Vaults:3 | Killed Sojobo
 47251 | Vaults:3 | Found a crumbling gateway.
 47325 | Desolati | Entered the Desolation of Salt
 47738 | Desolati | Identified the ring "Ygoqau" {Contam rPois rF++ Dex+3}
 48152 | Desolati | Identified the ring of the Stopping Gods {Wiz rN+}
 48584 | Desolati | Got the Spellbook of Postmortem Direction
 48585 | Desolati | Identified the amulet of Perfectionism {RegenMP Str+3
                  | Stlth+}
 48633 | Desolati | Got Vehumet's Volume of Impulse
 48641 | Desolati | Got Araossei's Parchment of Malediction
 48799 | Desolati | Got the Dissertation on the Glacier
 48805 | Desolati | Got the Essays on Well-Done Flesh
 48808 | Desolati | Got the Lessons on Therianthropy and the Queen Bee
 49676 | Vaults:3 | Found a staircase to the Crypt.
 50454 | Vaults:2 | Found Moiciodgh's Antique Weapon Boutique.
 50900 | Vaults:2 | Reached XP level 21. HP: 202/206 MP: 31/31
 51221 | Vaults:2 | Reached skill level 15 in Throwing
 51995 | Vaults:3 | Found Acaunut's Assorted Antiques.
 52096 | Vaults:3 | Bought a scroll of enchant armour for 315 gold pieces
 52096 | Vaults:3 | Bought a potion of invisibility for 336 gold pieces
 52096 | Vaults:3 | Bought a scroll of enchant weapon for 315 gold pieces
 52112 | Vaults:3 | Found Cor Viut's Weapon Shoppe.
 52119 | Vaults:3 | Found Nuklosei's Antique Weapon Shoppe.
 52166 | Vaults:3 | Found a transporter.
 52171 | Vaults:3 | Found Wakh's Weapon Shop.
 52174 | Vaults:3 | Found a transporter.
 52277 | Vaults:3 | Found the +3 crown of Dyrovepreva {rElec Int+2 SInv}
 53448 | Vaults:4 | Found a runed translucent door.
 53922 | Vaults:4 | Bought a potion of lignification for 90 gold pieces
 53922 | Vaults:4 | Bought a potion of ambrosia for 240 gold pieces
 54237 | Elf:1    | Entered Level 1 of the Elven Halls
 54237 | Elf:1    | You fall into a shaft and drop 1 floor!
 54402 | Elf:2    | Found a runed translucent gate.
 54402 | Elf:2    | Found a runed translucent gate.
 54425 | Elf:2    | Found a runed translucent gate.
 54709 | Elf:2    | Paralysed by an air elemental for 1 turns
 55266 | Elf:1    | Paralysed by an air elemental for 1 turns
 55657 | Elf:1    | Paralysed by an air elemental for 1 turns
 55858 | Elf:1    | Found Upsaerra's General Store.
 55864 | Elf:1    | Bought a scroll of enchant armour for 127 gold pieces
 55864 | Elf:1    | Bought a scroll of magic mapping for 127 gold pieces
 55931 | Elf:1    | Reached XP level 22. HP: 165/220 MP: 32/32
 56149 | Elf:1    | Paralysed by an air elemental for 1 turns
 56382 | Elf:2    | Got the Spellbook of the Fjord
 56440 | Elf:2    | Paralysed by an air elemental for 1 turns
 56498 | Elf:2    | Paralysed by an air elemental for 1 turns
 56650 | Elf:1    | Found a shimmering blue altar of Sif Muna.
 56976 | Elf:3    | Entered Level 3 of the Elven Halls
 57510 | Elf:3    | Identified the +1 scale mail of Uskayaw's Benevolence {Harm
                  | Will+++ Str-4 SInv}
 58145 | Elf:3    | Gained mutation: Armour fits poorly on your strangely
                  | shaped body. [a neqoxec]
 58148 | Elf:3    | Lost mutation: Armour fits poorly on your strangely shaped
                  | body. [potion of mutation]
 58148 | Elf:3    | Gained mutation: You have an increased reservoir of magic.
                  | (+10% MP) [potion of mutation]
 58148 | Elf:3    | Lost mutation: You have an increased reservoir of magic.
                  | (+10% MP) [potion of mutation]
 58148 | Elf:3    | Gained mutation: Your system is resistant to poisons.
                  | (rPois) [potion of mutation]
 58211 | Elf:3    | Paralysed by an air elemental for 1 turns
 58502 | Elf:3    | Identified the +8 rapier of the Salmon {pain, Str+3}
 58514 | Elf:3    | Identified the +9 quarterstaff "Yjehugal" {drain, rElec
                  | Str+3 Dex-4}
 58561 | Elf:3    | Identified the +7 whip of Towurico {venom, rPois Str-3
                  | Int+3}
 58561 | Elf:3    | Identified the +0 robe "Yphydaoc" {MP+9 Dex+6}
 58658 | Elf:3    | Identified the +2 falchion "Qatic" {speed, Int+3}
 58659 | Elf:3    | Identified the +7 dagger "Uferour" {drain, Will- Str+5}
 58664 | Elf:3    | Got the Lectures on Corpses
 58777 | Elf:3    | Identified the +1 flail of Fatigue {holy, rF- rC+++ Int-4
                  | Stlth+}
 59174 | Depths:1 | Entered Level 1 of the Depths
 59194 | Depths:1 | Found Pasiff's One-of-a-Kind Books.
 59390 | Depths:1 | Found a huge runed gate.
 59390 | Depths:1 | Found a huge runed gate.
 59390 | Depths:1 | Found a huge runed gate.
 59391 | Depths:1 | Found a huge runed gate.
 59391 | Depths:1 | Found a huge runed gate.
 59392 | Depths:1 | Found a huge runed gate.
 59392 | Depths:1 | Found a huge runed gate.
 59393 | Depths:1 | Found a huge runed gate.
 59595 | Depths:1 | Found a huge runed gate.
 59595 | Depths:1 | Found a huge runed gate.
 59595 | Depths:1 | Found a huge runed gate.
 59595 | Depths:1 | Found a huge runed gate.
 59595 | Depths:1 | Found a huge runed gate.
 59595 | Depths:1 | Found a huge runed gate.
 59851 | Depths:1 | Found a huge runed gate.
 59965 | Depths:1 | Found a huge runed gate.
 59965 | Depths:1 | Found a huge runed gate.
 59965 | Depths:1 | Found a huge runed gate.
 59966 | Depths:1 | Found a huge runed gate.
 59966 | Depths:1 | Found a huge runed gate.
 59966 | Depths:1 | Found a huge runed gate.
 59967 | Depths:1 | Found a huge runed gate.
 59967 | Depths:1 | Found a huge runed gate.
 59978 | Depths:1 | Found a huge runed gate.
 59978 | Depths:1 | Found a huge runed gate.
 59978 | Depths:1 | Found a huge runed gate.
 59978 | Depths:1 | Found a huge runed gate.
 59978 | Depths:1 | Found a huge runed gate.
 59978 | Depths:1 | Found a huge runed gate.
 59978 | Depths:1 | Found a huge runed gate.
 59979 | Depths:1 | Found a huge runed gate.
 59980 | Depths:1 | Found a huge runed gate.
 59988 | Depths:1 | Found a huge runed gate.
 59988 | Depths:1 | Found a huge runed gate.
 59988 | Depths:1 | Found a huge runed gate.
 59988 | Depths:1 | Found a huge runed gate.
 60115 | Depths:1 | Found a one-way gate to the infinite horrors of the Abyss.
 60296 | Depths:1 | Found Big Baal Hell's Store.
 60300 | Depths:1 | Found a gateway to Hell.
 60352 | Depths:1 | Found a one-way gate leading to the halls of Pandemonium.
 60499 | Depths:1 | Noticed a juggernaut
 60500 | Depths:1 | Noticed a golden dragon
 60822 | Depths:1 | Killed a juggernaut
 60824 | Depths:1 | Killed a golden dragon
 61542 | Depths:2 | Noticed a golden dragon
 61550 | Depths:2 | Killed a golden dragon
 61551 | Depths:2 | Reached XP level 23. HP: 214/226 MP: 33/33
 61575 | Depths:2 | Acquired 870 gold pieces
 61656 | Depths:2 | Identified the ring "Sobaxah" {*Slow rC+ Str+2 Int+3 SInv}
 61766 | Depths:2 | Noticed a caustic shrike
 61773 | Depths:2 | Killed a caustic shrike
 62297 | Depths:2 | Found a portal to a secret trove of treasure.
 62657 | Depths:3 | Identified the +4 chain mail "Boidisie" {rPois rF++ Dex-3
                  | Stlth+}
 62780 | Depths:3 | Identified the ring "Ythy" {rC++ Dex+3 Slay-5 SInv}
 62807 | Depths:3 | Noticed a caustic shrike
 62817 | Depths:3 | Killed a caustic shrike
 62845 | Depths:3 | Identified the +8 bardiche "Boitwar" {antimagic, rC- Will+
                  | rCorr Int+4}
 63062 | Depths:3 | Identified the +6 scimitar of Arrival {vamp, Int+5}
 63294 | Depths:3 | Identified the staff of fire "Loedic" {+Blink rPois rF+
                  | Int+2}
 63670 | Depths:3 | Noticed Vv
 63698 | Depths:3 | You fall into a shaft and drop 1 floor!
 63698 | Depths:4 | Entered Level 4 of the Depths
 63702 | Depths:4 | Found a one-way gateway to a ziggurat.
 64033 | Depths:3 | Found a transporter.
 64046 | Depths:3 | Found a transporter.
 64047 | Depths:3 | Noticed a caustic shrike
 64058 | Depths:3 | Noticed a caustic shrike
 64187 | Depths:3 | Found Tixiessatuhe's Jewellery Shop.
 64188 | Depths:3 | Found Pieffesili's Book Emporium.
 64188 | Depths:3 | Found Beoro's Book Emporium.
 64245 | Depths:3 | Noticed Poanarph's ghost (veteran GrVM)
 64295 | Depths:3 | Killed Vv
 64481 | Depths:4 | Noticed Parghit
 64489 | Depths:4 | Killed Parghit
 64580 | Depths:4 | Identified the +9 war axe "Cilurphi" {freeze, +Blink SInv}
 64613 | Depths:4 | Noticed Louise
 64740 | Depths:4 | Killed Louise
 64810 | Depths:4 | Reached XP level 24. HP: 205/242 MP: 33/33
 66155 | Depths:4 | Found a gate to the Realm of Zot.
 66337 | Depths:4 | Identified the staff of cold "Faojoy" {+Blink rC+ Int+3
                  | Stlth+}
 66681 | Crypt:1  | Entered Level 1 of the Crypt
 67075 | Crypt:1  | Identified the staff of cold "Ipippon" {rElec rPois rC+
                  | Str+3 Stlth-}
 67075 | Crypt:1  | Identified the ring of the Queen {Ice Will+ Dex+3}
 67075 | Crypt:1  | Noticed Josephina
 67098 | Crypt:1  | Killed Josephina
 68080 | Crypt:2  | Reached skill level 27 in Fighting
 68632 | Crypt:3  | Entered Level 3 of the Crypt
 68636 | Crypt:3  | Noticed Jory
 68665 | Crypt:3  | Killed Jory
 69293 | Crypt:3  | Found a staircase to the Tomb.
 69609 | Crypt:3  | Identified the +4 ring mail of the Slorg {Rampage rPois
                  | Will+ Str-4}
 69613 | Crypt:3  | Identified the staff of fire "Ceschutra" {rF+ Dex+2}
 69614 | Crypt:3  | Identified the +5 dagger of Infinite Pain {flame, Drain
                  | Fragile rN+++ Str+3}
 69618 | Crypt:3  | Identified the +4 great sword of Sloth {heavy, +Blink rPois
                  | rF- Int+6}
 69709 | Crypt:3  | Noticed Xtahua
 69716 | Crypt:3  | Killed Xtahua
 69960 | Crypt:3  | Reached XP level 25. HP: 243/257 MP: 33/33
 70267 | Crypt:3  | Found an ancient bone altar of Kikubaaqudgha.
 70417 | Crypt:3  | Identified the +8 war axe of a Labyrinth {freeze, *Noise
                  | rElec rC+++ Dex+3}
 70858 | Crypt:3  | Identified the +6 hand axe "Zosm" {flame, Drain rN++ Int+4}
 70898 | Crypt:3  | Got the Treatise on the Ill-starred Torch
 71636 | Vaults:5 | Entered Level 5 of the Vaults
 71672 | Vaults:5 | Noticed a dread lich
 71691 | Vaults:5 | Killed a dread lich
 72076 | Vaults:5 | Found Hotetz's Armour Shoppe.
 72115 | Vaults:5 | Identified the staff of poison "Qelur" {*Corrode rPois rF++
                  | Str+3 Stlth+}
 72355 | Vaults:5 | Identified the +9 great sword "Joimiz" {flame, rC+ rN+}
 72355 | Vaults:5 | Identified the ring of False Pretenses {rC+ Dex+6}
 72830 | Vaults:5 | Got a silver rune of Zot
 73005 | Vaults:5 | Noticed an ancient lich
 73019 | Vaults:5 | Killed an ancient lich
 73100 | Vaults:5 | an iron dragon changed into a juggernaut
 73100 | Vaults:5 | Noticed a juggernaut (glowing shapeshifter)
 73103 | Vaults:5 | a juggernaut changed into a rockslime
 73467 | Vaults:5 | Identified the +8 rapier of Biqit {freeze, rF+}
 73576 | Vaults:5 | Noticed Frederick
 73595 | Vaults:5 | Killed Frederick
 73606 | Vaults:5 | Reached skill level 27 in Shields
 73829 | Vaults:5 | Identified the +3 robe "Fokidghabo" {Str+3}
 75047 | Depths:1 | Bought 10 scrolls of enchant armour for 4950 gold pieces
 75240 | Depths:2 | You paid a toll of +6 fire dragon scales to enter a
                  | treasure trove
 75241 | Trove    | Entered a treasure trove
 75248 | Trove    | Identified the +0 plate armour "Iruedup" {Will+}
 75250 | Trove    | Identified the +11 plate armour "Ynarph" {Str+4}
 75252 | Trove    | Identified the +2 hat of Hedge Wizardry {Int+3}
 75254 | Trove    | Identified the +4 pair of boots of Beyond {rF+ Int+3 SInv}
 75266 | Trove    | Identified the +0 pair of boots "Orukupp" {SInv}
 75267 | Trove    | Identified the +1 pair of boots "Elaul" {rF+ rN+++ MP+9
                  | Str-5}
 75269 | Trove    | Identified the +2 pair of boots of Leapfrog {rElec Regen+}
 75272 | Trove    | Identified the +1 pair of gloves "Arrat" {Dex+3}
 75274 | Trove    | Identified the +0 crystal plate armour of the Original Sin
                  | {rC+ Str+3 SInv}
 75276 | Trove    | Identified the scarf of Vanity {shadows, rN+ Regen+ Int+2}
 75278 | Trove    | Identified the +7 chain mail of the Sun {-Tele rF+++ Regen+
                  | Str-5}
 75279 | Trove    | Identified the scarf "Doschump" {repulsion, Regen+ Int+2}
 75424 | Zot:1    | Entered Level 1 of the Realm of Zot
 75600 | Zot:1    | Reached XP level 26. HP: 242/266 MP: 33/33
 75644 | Zot:1    | Reached skill level 27 in Armour
 75710 | Zot:1    | You fall into a shaft and drop 1 floor!
 77322 | Zot:2    | Reached skill level 5 in Dodging
 77506 | Zot:2    | Acquired a ring of resist corrosion
 78858 | Zot:3    | Found the +4 dragonskin cloak
 78858 | Zot:3    | Identified the ring "Udghylapi" {rElec rPois SInv}
 78858 | Zot:3    | Noticed Tiamat
 78879 | Zot:3    | Killed Tiamat
 79165 | Zot:3    | Identified the +2 leather armour of Futuristic Creativity
                  | {+Inv Will++ rCorr}
 79208 | Zot:3    | Got the Annotations on Injury
 79603 | Zot:4    | Identified the +2 hat "Daenn" {rC+ rCorr Str+5}
 79777 | Zot:4    | Noticed an orb of fire
 80088 | Zot:4    | Reached skill level 10 in Evocations
 80251 | Zot:4    | Reached XP level 27. HP: 273/273 MP: 35/35
 80445 | Zot:4    | Killed an orb of fire
 80481 | Zot:5    | Entered Level 5 of the Realm of Zot
 81254 | Zot:5    | Noticed a dread lich
 81258 | Zot:5    | Noticed an orb of fire
 81266 | Zot:5    | Killed a dread lich
 81271 | Zot:5    | Gained mutation: You are frail. (-10% HP) [an orb of fire]
 81272 | Zot:5    | Gained mutation: You occasionally lose the ability to drink
                  | potions when taking damage. [an orb of fire]
 81273 | Zot:5    | Killed an orb of fire
 81299 | Zot:5    | Lost mutation: You are frail. (-10% HP) [potion of
                  | mutation]
 81299 | Zot:5    | Lost mutation: Your system is resistant to poisons. (rPois)
                  | [potion of mutation]
 81299 | Zot:5    | Lost mutation: You occasionally lose the ability to drink
                  | potions when taking damage. [potion of mutation]
 81299 | Zot:5    | Gained mutation: Your muscles are strong. (Str +4, Int/Dex
                  | -1) [potion of mutation]
 81299 | Zot:5    | Gained mutation: You are robust. (+10% HP) [potion of
                  | mutation]
 81413 | Zot:5    | Noticed an orb of fire
 81424 | Zot:5    | Killed an orb of fire
 81459 | Zot:5    | Noticed an ancient lich
 81466 | Zot:5    | Killed an ancient lich
 81489 | Zot:5    | Noticed an ancient lich
 81534 | Zot:5    | Killed an ancient lich
 81739 | Zot:5    | Noticed a dread lich
 81746 | Zot:5    | Killed a dread lich
 81760 | Zot:5    | Noticed a dread lich
 81765 | Zot:5    | Noticed a dread lich
 81765 | Zot:5    | Noticed an orb of fire
 81766 | Zot:5    | Noticed an ancient lich
 81775 | Zot:5    | Killed a dread lich
 81777 | Zot:5    | Noticed a dread lich
 81777 | Zot:5    | Gained mutation: You are clumsy. (Dex -2) [an orb of fire]
 81784 | Zot:5    | Killed an orb of fire
 81788 | Zot:5    | Gained mutation: You are vulnerable to heat. (rF-) [a
                  | cacodemon]
 81789 | Zot:5    | Killed a dread lich
 81790 | Zot:5    | Killed an ancient lich
 81797 | Zot:5    | Killed a dread lich
 81992 | Zot:5    | Noticed an ancient lich
 81996 | Zot:5    | Killed an ancient lich
 82263 | Zot:5    | Got the Orb of Zot
 82734 | D:$      | Escaped with the Orb!

Illustrated notes

Levels and vault maps discovered:
D:1:      dpeg_arrival_circle_labyrinth_a, layout_basic,
          chequers_serial_rivers_large_a, minmay_nonomino_d4
D:2:      layout_rooms, basic_ecumenical_altar, roderic_roman_lattice
D:3:      layout_basic, uniq_ijyb
D:4:      layout_rooms, mainiacjoe_overflow_small_starburst,
          cheibrodos_sewer_entry_sluice, uniq_natasha
D:5:      minmay_general_purpose_star, layout_loops_corners,
          minmay_temple_entry_glassed_door, dreamdust_princess_corridor,
          kennysheep_nub
D:6:      layout_basic, uniq_duvessa, uniq_prince_ribbit1, uniq_sigmund,
          uniq_pikel
D:7:      layout_basic, chequers_serial_rivers_room_b, skrybe_limestone_x,
          uniq_menkaure, uniq_maggie
D:8:      layout_basic, kennysheep_opposing_triangles
D:9:      layout_loops_ring, lemuel_round_altar
D:10:     layout_rooms, kennysheep_potato, uniq_amaemon, uniq_psyche,
          uniq_maurice
D:11:     layout_cave_pods, grunt_lair_entry_orc_guard_hut,
          portal_ice_cave_rime, uniq_lodul, uniq_urug
D:12:     hangedman_screamer, layout_loops_cross,
          kennysheep_orc_monster_closet_entryway, minmay_door_square,
          uniq_erolcha, uniq_snorg
D:13:     hourglass_vault, layout_basic
D:14:     layout_roguey, david_vaults_1, uniq_roxanne
D:15:     grunt_enter_depths_magical_seal, layout_irregular_city,
          grunt_gozag_breadcrumbs, gammafunk_ghost_stat_death,
          eino_tiny_chamber, minmay_puff, uniq_rupert
Lair:1:   layout_regular_city, grunt_megastairs_1
Lair:2:   layout_loops_ring, spider_nest_entry_rubble, special_room
          [special_room_bee], serial_bayou_pond_d, beast_lair_carwin_6
Lair:3:   layout_chaotic_city, swamp_mist
Lair:4:   layout_gridlike, slime_entry_1, st_stairs_4,
          chequers_serial_rivers_micro_d, kennysheep_abandoned_house
Lair:5:   guppyfry_lair_end_dragon, layout_loops_ring,
          hangedman_lair_tendril_chambers, infiniplex_staircase_pool_2
Swamp:1:  layout_falls_marsh, hangedman_swamp_ruin_wall, swamp_pool4,
          hangedman_swamp_cone, hangedman_swamp_dais
Swamp:2:  layout_basic_swamp, evilmike_swamp_ruin_wall,
          nicolae_swamp_frolicking_bunyips
Swamp:3:  gammafunk_worm_tunnel, layout_basic_swamp, hangedman_swamp_diagram
Swamp:4:  swamp_basic_johnstein, layout_basic_swamp
Spider:1: layout_chambers, nicolae_spider_world_wide_web
Spider:2: layout_cave_pods
Spider:3: layout_spider_delve
Spider:4: johnstein_spider_rune_arachne_lair, hellmonk_deceptive_appearances,
          uniq_bai_suzhen
Orc:1:    layout_diamond_mine
Orc:2:    grunt_orc_gardens, layout_caves, grunt_orc_garden, grunt_orc_garden,
          grunt_orc_garden, grunt_orc_garden, serial_shops, shop
Elf:1:    eino_elf_arrival_customs, layout_geoelf_grid, serial_shops, shop,
          hangedman_elf_represent, lemuel_upstairs_altar
Elf:2:    nicolae_elf_blades_crystal_corner, layout_loops_cross,
          nicolae_elf_loose_elemental_storage
Elf:3:    minmay_elf_hall_statues, layout_geoelf_diagonals, guppyfry_elf_garden
Vaults:1: nicolae_vaults_spaceships, vaults_mumra_hexcomb,
          hangedman_vaults_snaps, v_misc_12, nicolae_vaults_heist,
          hangedman_vaults_corner_blocks, ontoclasm_vaults_eye,
          nicolae_vaults_specimen_jars, layout_vaults_big_room, serial_shops,
          shop
Vaults:2: v_rooms_3, ontoclasm_vaults_ring_large, st_eye, vaults_dpeg_spiral,
          vaults_room_door_ring, v_misc_15, hangedman_vaults_slither,
          nicolae_vaults_closet_pinwheel_1, nicolae_vaults_layer_cake_slice,
          nicolae_vaults_little_ls, nicolae_vaults_trapezoid_lopsided_3,
          v_misc_29, layout_vaults_omnicross, serial_shops, shop
Vaults:3: portal_desolation_entry_twin_temple,
          nicolae_vaults_heart-shaped_vault, nicolae_vaults_closet_pinwheel_3,
          v_rooms_6, nicolae_vaults_double_plus_3,
          minmay_crypt_entry_simple_round, nicolae_vaults_little_squares_1,
          v_pattern_5, v_misc_2, nicolae_vaults_border_crossing,
          nicolae_vaults_shelves_hall, layout_vaults_ring, serial_shops, shop,
          nicolae_shop_drivethru, shop, nicolae_shop_mannequins, uniq_sojobo
Vaults:4: nicolae_vaults_storage_closets_3, nicolae_vaults_three_branches,
          nicolae_vaults_surprise_closet, nicolae_vaults_alarming,
          hangedman_vaults_stitches, nicolae_vaults_oozy_zoo,
          hangedman_vaults_capsules, layout_vaults_omnigrid, serial_shops,
          nicolae_shop_pleasant_corner_grove
Vaults:5: uniq_margery, uniq_frederick
Crypt:1:  layout_misc_corridors, grunt_crypt_arrival_webbed, grunt_megastairs_3,
          uniq_josephina
Crypt:2:  layout_misc_corridors, tombwall_bobbens
Crypt:3:  church_of_pain_bobbens, layout_chaotic_city,
          nicolae_tomb_entry_unfolded_pyramid_orthogonal, st_shrine_of_skulls,
          uniq_xtahua, uniq_jory
Depths:1: layout_basic, nicolae_hell_entry_big_baal_hell, abyss_entry,
          grunt_pan_entry_zigzag, grunt_decor_clamped, nicolae_rare_books,
          door_vault
Depths:2: minmay_bad_star, layout_gridville, nicolae_trove_entry_crystal,
          grunt_pan_entry_in_and_out, pf_hell_entry_tar_river
Depths:3: minmay_heptahexagon, layout_gridlike, abyss_entry,
          gammafunk_ghost_berserking_beasts, hell_entry, nicolae_water_bricks,
          minmay_shop_grove, infiniplex_staircase_pillars_1, uniq_vv
Depths:4: lemuel_castle_with_subvaults [lemuel_castle_interior_original],
          layout_gridlike, ziggurat_fallback, nrook_uturn, lightli_too_deep,
          nicolae_abyss_entry_one_way_or_another, minmay_misc_feat_pillars,
          uniq_parghit
Zot:1:    layout_basic
Zot:2:    layout_basic, guppyfry_library_mini
Zot:3:    layout_gridlike, st_grand_hoard_of_tiamat, grunt_megastairs_4
Zot:4:    layout_gridlike, grunt_megastairs_5
Zot:5:    layout_basic, hangedman_zot_decor_unnerving_road

Skill      XL: |  1  2  3  4  5  6  7  8  9 10 11 12 13 14 15 16 17 18 19 20 21 22 23 24 25 26 27 |
---------------+----------------------------------------------------------------------------------+-----
Fighting       | 4 5 6 7 8 9 10 11 12 13 14 15 17 21 23 25 27 | 27.0
Throwing       | 2 4 5 8 10 11 13 14 16 20 | 20.0
Armour         | 4 6 7 10 11 12 14 15 17 20 21 24 25 26 27 | 27.0
Polearms       | 3 4 8 12 13 14 | 14.0
Invocations    | 2 6 8 10 12 13 14 15 18 20 | 20.1
Maces & Flails | 3 4 |  4.9
Shields        | 4 8 10 13 15 18 21 22 24 27 | 27.0
Axes           | 3 7 11 14 15 | 15.6
Evocations     | 1 2 4 5 10 | 10.0
Dodging        | 3 5 |  5.0

Action                     |  1- 3 |  4- 6 |  7- 9 | 10-12 | 13-15 | 16-18 | 19-21 | 22-24 | 25-27 || total
---------------------------+-------+-------+-------+-------+-------+-------+-------+-------+-------++-------
  Melee: Trident           |   102 |   111 |   252 |       |       |       |       |       |       ||   465
         Headbutt          |     7 |    11 |    28 |   102 |   313 |   236 |   445 |   653 |   508 ||  2303
         Halberd           |       |       |    34 |   202 |       |       |       |       |       ||   236
         Demon trident     |       |       |       |   395 |  1672 |   298 |    18 |       |   717 ||  3100
         Glaive            |       |       |       |    28 |    11 |       |       |       |       ||    39
         Broad axe         |       |       |       |       |       |   637 |  1746 |  2243 |  1031 ||  5657
  Throw: Stone             |    11 |    17 |    18 |    10 |       |       |       |       |       ||    56
         Dart              |    19 |    13 |    18 |    43 |    33 |   102 |       |       |       ||   228
         Javelin           |       |     5 |     8 |    11 |    40 |    64 |    21 |    12 |    19 ||   180
         Boomerang         |       |       |    15 |    18 |     7 |    40 |   104 |    12 |    47 ||   243
         Throwing net      |       |       |       |     1 |       |       |       |     1 |       ||     2
 Invoke: Wall of Briars    |       |       |       |     7 |     8 |    16 |     6 |     1 |     2 ||    40
         Grow Ballistomyce |       |       |       |     2 |     6 |    12 |     8 |     8 |     1 ||    37
         Grow Oklob        |       |       |       |       |     3 |     6 |     6 |     4 |     4 ||    23
         Overgrow          |       |       |       |       |     1 |     1 |       |       |       ||     2
  Evoke: Wand              |       |     9 |       |    13 |     6 |     9 |    16 |     3 |    36 ||    92
         Phial of floods   |       |       |       |       |       |       |     3 |       |       ||     3
         Phantom mirror    |       |       |       |       |       |       |     1 |     3 |     2 ||     6
         Tin of tremorston |       |       |       |       |       |       |     1 |     3 |       ||     4
         Box of beasts     |       |       |       |       |       |       |       |       |     1 ||     1
    Use: Scroll            |     8 |    10 |     8 |    12 |    14 |     8 |    19 |    17 |    40 ||   136
         Potion            |     1 |     3 |     1 |     2 |     4 |    12 |    17 |    11 |    20 ||    71
   Stab: Invisible         |       |     1 |       |       |       |       |       |       |       ||     1
         Confused          |       |       |       |     1 |     3 |     1 |     3 |       |     5 ||    13
         Distracted        |       |       |       |       |     2 |     2 |       |     1 |     6 ||    11
 Armour: Scale mail        |    19 |    23 |     9 |       |   200 |   411 |    73 |       |       ||   735
         Skin              |       |    33 |     5 |     4 |       |       |       |     4 |     8 ||    54
         Chain mail        |       |       |    16 |       |       |       |       |       |       ||    16
         Plate armour      |       |       |    68 |   184 |   140 |       |   490 |   218 |       ||  1100
         Gold dragon scale |       |       |       |       |       |       |       |   508 |   424 ||   932
  Dodge: Dodged            |    36 |    25 |    53 |    99 |   228 |   241 |   285 |   272 |   209 ||  1448
  Block: Buckler           |     9 |    15 |    26 |       |       |       |       |       |       ||    50
         Kite shield       |       |       |       |   118 |   674 |   696 |   770 |       |       ||  2258
         Tower shield      |       |       |       |       |       |       |   161 |  1526 |  1288 ||  2975
         Reflection        |       |       |       |       |       |       |    26 |    34 |    18 ||    78
